 Dungeon Crawl Stone Soup version 0.22.1-5-g62c59d9 (webtiles) character file.

1111 wyoknott the Chopper (level 8, -8/69 HPs)
             Began as a Minotaur Fighter on Jan 14, 2019.
             Was a Follower of Ashenzari.
             Mangled by an orc warrior
             ... wielding a +0 long sword
              (16 damage)
             ... on level 6 of the Dungeon.
             The game lasted 00:12:49 (3592 turns).

wyoknott the Chopper (Minotaur Fighter)             Turns: 3592, Time: 00:12:49

Health: -8/69      AC: 10    Str: 23    XL:     8   Next: 11%
Magic:  7/7        EV: 11    Int:  5    God:    Ashenzari [*.....]
Gold:   93         SH:  5    Dex: 10    Spells: 7/7 levels left

rFire    x . .     SeeInvis .   a - +0 war axe
rCold    + . .     Gourm    .   w - +0 buckler (curse)
rNeg     . . .     Faith    .   b - +0 scale mail
rPois    .         Spirit   .   (helmet restricted)
rElec    .         Reflect  .   (no cloak)
rCorr    .         Harm     .   i - +0 pair of gloves
MR       .....                  e - +0 pair of boots (curse)
Stlth    ..........             (no amulet)
HPRegen  0.21/turn              k - ring of ice
MPRegen  0.10/turn              (no ring)

@: no status effects
A: retaliatory headbutt, horns 2
a: Curse Item, Scrying, Renounce Religion


You were on level 6 of the Dungeon.
You worshipped Ashenzari.
Ashenzari was aware of your devotion.
You were not hungry.

You visited 1 branch of the dungeon, and saw 6 of its levels.
You also visited: Sewer.

You collected 192 gold pieces.
You spent 99 gold pieces at shops.

Inventory:

Hand Weapons
 a - a +0 war axe (weapon)
 r - a +0 mace of protection
Armour
 b - a +0 scale mail (worn)
 c - a +0 shield
 e - a cursed +0 pair of boots (worn)
 i - a +0 pair of gloves (worn)
 w - a cursed +0 buckler (worn)
Jewellery
 k - a ring of ice (left hand)
Scrolls
 g - a scroll of magic mapping
 m - 4 scrolls of remove curse
 n - a scroll of blinking
 p - a scroll of random uselessness
 q - 3 scrolls of teleportation
 s - a scroll of enchant weapon {unknown}
 u - a scroll of identify
 y - a scroll of enchant armour {unknown}
Potions
 d - a potion of might
 h - a potion of lignification
 j - a potion of magic {unknown}
 l - a potion of mutation
 o - 4 potions of heal wounds
 t - 3 potions of flight
 v - 5 potions of curing
 x - a potion of agility
Comestibles
 f - 4 rations


   Skills:
 + Level 5.5 Fighting
 + Level 7.3 Axes
 + Level 6.4 Armour
 + Level 2.4 Dodging
 + Level 0.3 Stealth
 + Level 6.3 Shields


You had 7 spell levels left.
You didn't know any spells.
Your spell library was empty.

Dungeon Overview and Level Annotations

Branches:
Dungeon (6/15)             Temple (0/1) D:5

Altars:
Ashenzari
Cheibriados
Nemelex Xobeh
Trog
Wu Jian
Zin
The Shining One

Shops:
D:5 *?

Annotations:
D:5 1 runed door
D:6 3 runed doors, SorrowsChan's ghost, novice DsGl


Innate Abilities, Weirdness & Mutations

You reflexively headbutt those who attack you in melee.
You have a pair of horns on your head.


Message History

You see here a howler monkey corpse.
A crimson imp comes into view.
A worker ant comes into view.
The worker ant moves out of view. 2 orcs come into view.
Ashenzari warns you: An orc is wielding a mace of protection.
The orc shouts! x2
The orc warrior hits you with a long sword!
An orc priest comes into view. It is wielding a hand axe.
You closely miss the orc warrior.
The orc warrior hits you with a long sword.
* * * LOW HITPOINT WARNING * * *
You hit the orc warrior but do no damage.
The crimson imp blinks!
The orc warrior hits you with a long sword!
* * * LOW HITPOINT WARNING * * *
Your scale mail prevents you from hitting the orc warrior.
You closely miss the worker ant.
The orc warrior hits you with a long sword!
You die...

##.### .. ##....#
##.##. ...#.# .....
####.... ...# .
#......#####.$.#
... #............#
....#....†.......#
......a..†.5...#.
....o.o@..†.†..#
...oo#.....<)..#
.... #......[..#
..#...............#
.......$.########
#........#
#..#.....#Z
.#.(..#..+..
##......+.


You could see an orc warrior, a worker ant, an orc priest, a crimson imp, an
adder simulacrum and 2 orcs.

Vanquished Creatures
  2 sky beasts
  An ogre (D:4)
  3 bullfrogs (D:6)
  2 howler monkeys
  A crimson imp (D:6)
  A centaur zombie (D:5)
  A bullfrog skeleton (D:4)
  3 hounds
  A jelly (D:5)
  An iguana (D:4)
  2 worker ants (D:4)
  A killer bee zombie (D:5)
  10 adders
  8 river rats
  An adder skeleton (D:4)
  3 worms
  A dart slug (D:2)
  6 leopard geckos
  4 orcs
  3 giant cockroaches
  4 goblins (D:2)
  2 hobgoblins
  3 jackals (D:1)
  16 kobolds (Sewer)
  2 quokkas
  5 ball pythons (Sewer)
  12 frilled lizards
  A jackal zombie (D:5)
  2 quokka skeletons
  A quokka zombie (D:5)
  26 rats
  A plant (D:2)
130 creatures vanquished.

Notes
Turn   | Place    | Note
-------+----------+-------------------------------------------
     0 | D:1      | wyoknott the Minotaur Fighter began the quest for the Orb.
     0 | D:1      | Reached XP level 1. HP: 19/19 MP: 0/0
   118 | D:2      | Found a sparkling altar of Nemelex Xobeh.
   159 | D:2      | Reached XP level 2. HP: 27/27 MP: 1/1
   198 | D:2      | Found a shattered altar of Ashenzari.
   251 | D:2      | Became a worshipper of Ashenzari the Shackled
   365 | D:2      | Reached XP level 3. HP: 33/33 MP: 2/2
   473 | D:2      | Found a snail-covered altar of Cheibriados.
   733 | D:2      | Reached skill level 3 in Axes
  1108 | D:3      | Reached XP level 4. HP: 23/40 MP: 3/3
  1408 | D:4      | Reached skill level 4 in Axes
  1408 | D:4      | Reached XP level 5. HP: 24/47 MP: 4/4
  1414 | D:4      | Noticed an ogre
  1425 | D:4      | Killed an ogre
  1425 | D:4      | Reached skill level 1 in Dodging
  1425 | D:4      | Reached skill level 5 in Axes
  1425 | D:4      | Reached skill level 5 in Shields
  1425 | D:4      | Reached XP level 6. HP: 6/53 MP: 5/5
  1736 | D:4      | Found an ornate altar of the Wu Jian Council.
  1831 | D:4      | Found a bloodstained altar of Trog.
  1976 | D:4      | Reached skill level 5 in Armour
  1990 | D:4      | Found a glowing drain.
  1999 | Sewer    | Entered a sewer
  2179 | Sewer    | Reached skill level 5 in Fighting
  2786 | D:5      | Entered Level 5 of the Dungeon
  2786 | D:5      | Found Totadech's Magic Scroll Boutique.
  2803 | D:5      | Bought a scroll of remove curse for 33 gold pieces
  2803 | D:5      | Bought a scroll of identify for 22 gold pieces
  2803 | D:5      | Bought a scroll of identify for 22 gold pieces
  2803 | D:5      | Bought a scroll of identify for 22 gold pieces
  2920 | D:5      | Found a staircase to the Ecumenical Temple.
  2936 | D:5      | Reached XP level 7. HP: 45/61 MP: 6/6
  2958 | D:5      | Found a glowing golden altar of the Shining One.
  2958 | D:5      | Noticed an angel
  2959 | D:5      | Found a runed door.
  3203 | D:5      | Reached * piety under Ashenzari
  3221 | D:5      | Reached skill level 6 in Axes
  3249 | D:5      | Found Zin's Purification Station.
  3252 | D:5      | Found a glowing silver altar of Zin.
  3561 | D:6      | Found a runed gate.
  3561 | D:6      | Found a runed gate.
  3561 | D:6      | Found a runed gate.
  3575 | D:6      | Reached skill level 7 in Axes
  3575 | D:6      | Reached XP level 8. HP: 48/69 MP: 7/7
  3587 | D:6      | Noticed SorrowsChan's ghost (novice DsGl)
  3592 | D:6      | Mangled by an orc warrior

Skill      XL: |  1  2  3  4  5  6  7 |
---------------+----------------------+-----
Armour         | 4 5 6 |  6.4
Fighting       | 4 5 |  5.5
Shields        | 4 5 6 |  6.3
Axes           | 3 4 5 7 |  7.3
Dodging        | 1 2 |  2.4
Stealth        | |  0.3

Action                   |  1- 3 |  4- 6 |  7- 9 || total
-------------------------+-------+-------+-------++-------
Melee: War axe           |    95 |   137 |    66 ||   298
       Headbutt          |    13 |    22 |     7 ||    42
Invok: Curse Item        |     1 |       |       ||     1
  Use: Scroll            |       |    11 |       ||    11
  Eat: Ration            |     1 |     1 |     1 ||     3
Armor: Scale mail        |    36 |    82 |    35 ||   153
Dodge: Dodged            |    27 |    75 |    38 ||   140
Block: Shield            |    52 |    91 |       ||   143
       Buckler           |       |    10 |    27 ||    37
